 Dungeon Crawl Stone Soup version 0.31-a0-1074-g0b22e4e0f1 (webtiles) character file.

Game seed: 11305803659295895352

101 NogeeEf the Trooper (level 5, -1/42 HPs)
             Began as a Human Monk on Nov 30, 2023.
             Slain by Grinder (6 damage)
             ... while paralysed by Grinder
             ... on level 3 of the Dungeon.
             The game lasted 00:06:57 (1781 turns).

NogeeEf the Trooper (Human Monk)                    Turns: 1781, Time: 00:06:57

Health: -1/42      AC:  8    Str: 13    XL:     5   Next: 4%
Magic:  5/5        EV:  2    Int: 11    God:
Gold:   92         SH:  0    Dex: 15    Spells: 4/4 levels left

rFire   . . .        m - +4 falchion
rCold   . . .        d - orb {light}
rNeg    . . .        h - +0 chain mail
rPois   .            b - +0 hat
rElec   .            (no cloak)
rCorr   .            (no gloves)
SInv    .            (no boots)
Will    .....        (no amulet) Stlth
                     (no ring)
HPRegen 0.27/turn    (no ring)
MPRegen 0.09/turn

%: no passive effects
@: paralysed, glowing
A: no striking features
a: no special abilities


You were on level 3 of the Dungeon.
You visited 1 branch of the dungeon, and saw 3 of its levels.

You collected 92 gold pieces.

Inventory:

Hand Weapons
 m - a +4 falchion (weapon)
 n - a +2 dagger of draining
Armour
 b - a +0 hat (worn)
 d - an orb of light (worn)
 h - a +0 chain mail (worn)
Jewellery
 g - an amulet of reflection
Scrolls
 e - a scroll of poison
Potions
 c - 2 potions of ambrosia
 k - 2 potions of lignification
 o - a potion of mutation {unknown}


   Skills:
 + Level 4.0 Fighting
 + Level 3.8 Long Blades
 + Level 3.9 Dodging


You had 4 spell levels left.
You didn't know any spells.
Your spell library contained the following spells:

 Spells                   Type           Power      Damage    Failure   Level
 Poisonous Vapours        Pois/Air       0%         N/A       100%        2
 Mephitic Cloud           Conj/Pois/Air  0%         N/A       100%        3
 Freezing Cloud           Conj/Ice/Air   0%         6-21      100%        5


Dungeon Overview and Level Annotations

Branches:
Dungeon (3/15)

Altars:

Shops:
D:1 [

Annotations:
D:3 Grinder, Ijyb, Natasha, Terence


Message History

Grinder hits you.
You writhe in agony.
* * * LOW HITPOINT WARNING * * *
You hit Grinder.
Grinder is lightly wounded.
Jessica casts a spell at you. Pain shoots through your body!
Grinder gestures at you.
You barely resist.
You feel less invigorated.
You feel less confused. Jessica hits you with a +5 club.
Ijyb attacks as she pursues you! Ijyb hits you but does no damage.
Grinder blinks!
Jessica barely misses you. Jessica hits you with a +5 club.
Ijyb hits you but does no damage.
Jessica mumbles some strange words.
Jessica blinks!
Grinder gestures at you. You resist with significant effort.
You slash Jessica!
You kill Jessica!
Ijyb hits you with a +0 dagger.
* * * LOW HITPOINT WARNING * * *
Grinder blinks!
Terence closely misses you.
Your Fighting skill increases to level 4!
You have reached level 5!
You completely miss Ijyb. Ijyb hits you but does no damage.
Terence barely misses you.
You barely miss Ijyb. Ijyb hits you with a +0 dagger.
* * * LOW HITPOINT WARNING * * *
Grinder hits you but does no damage. Terence closely misses you.
You hit Ijyb but do no damage. Ijyb hits you but does no damage.
Grinder gestures at you.
You suddenly lose the ability to move!
Terence hits you with a +0 flail!
* * * LOW HITPOINT WARNING * * *
Ijyb hits you but does no damage. Grinder gestures at you.
You shrug off the repeated paralysis!
Terence hits you but does no damage. Ijyb hits you but does no damage.
Grinder hits you.
You die...
Grinder says, "Now the real fun starts!"

#.########.........#
##########.#####...#
.....#####.#####...#
####.#####.#####...#
#..#.#####.#####...#
#..#.#####.####....#
.........#.####....#
,,,,,***,#.####.)..#
*,,,,,,,,#......@..####
*,,,,,,,,####..@g5....#
,,,,,,,,,* #.........#
,,,,****,* #.........#
,,,,* *,* #..########
,,,,* *,* #.## ,,,,*
*,* #.# *** ,,,,*
*,####.♣♣ ***,*** ****
,<,,****,#...5.♣*
**,,,,,** **,,,


You could see Grinder, Ijyb and Terence.

Vanquished Creatures
  Jessica (D:3)
  3 gnolls (D:2)
  2 worms (D:2)
  A dart slug (D:2)
  7 endoplasms
  2 hobgoblins (D:1)
  3 kobolds
  A quokka (D:2)
  3 ball pythons
  5 bats
  2 frilled lizards (D:1)
  4 goblins (D:1)
  6 rats
40 creatures vanquished.

Notes
Turn   | Place    | Note
-------+----------+-------------------------------------------
     0 | D:1      | NogeeEf the Human Monk began the quest for the Orb.
     0 | D:1      | Reached XP level 1. HP: 18/18 MP: 1/1
   203 | D:1      | Reached XP level 2. HP: 21/24 MP: 2/2
   271 | D:1      | Found Esets's Antique Armour Boutique.
   734 | D:2      | Reached XP level 3. HP: 25/29 MP: 3/3
   857 | D:2      | Reached XP level 4. HP: 18/37 MP: 4/4
  1110 | D:2      | Found a faded altar of an unknown god.
  1565 | D:3      | Noticed Terence
  1565 | D:3      | Noticed Natasha
  1757 | D:3      | Noticed Grinder
  1758 | D:3      | Noticed Ijyb
  1763 | D:3      | Noticed Jessica
  1763 | D:3      | Paralysed by Grinder for 2 turns
  1776 | D:3      | Killed Jessica
  1777 | D:3      | Reached skill level 4 in Fighting
  1777 | D:3      | Reached XP level 5. HP: 12/42 MP: 5/5
  1779 | D:3      | Paralysed by Grinder for 3 turns
  1781 | D:3      | Slain by Grinder

Illustrated notes

Levels and vault maps discovered:
D:1:      ncdulo_watergridlock, layout_basic, serial_shops, shop,
          grunt_decor_mini_mirrors
D:2:      layout_rooms, hellmonk_ecumenical_altar_slurped_away
D:3:      layout_basic, elyvilon_altar_3, uniq_terence, uniq_natasha, uniq_ijyb,
          uniq_jessica, uniq_grinder

Skill      XL: |  1  2  3  4 |
---------------+-------------+-----
Fighting       | 4 |  4.0
Long Blades    | |  3.8
Dodging        | |  3.9

Action                     |  1- 3 |  4- 6 || total
---------------------------+-------+-------++-------
  Melee: Falchion          |    63 |    41 ||   104
    Use: Scroll            |       |     6 ||     6
         Potion            |       |     1 ||     1
 Armour: Robe              |     7 |       ||     7
         Chain mail        |    38 |    67 ||   105
  Dodge: Dodged            |    24 |    25 ||    49

Table legend: (Time is in decaauts)
 A = Elapsed time spent in this place.
 B = Non-inter-level travel time spent in this place.
 C = Inter-level travel time spent in this place.
 D = Time resting spent in this place.
 E = Time spent auto-exploring this place.
 F = Levels seen in this place.
 G = Mean time per level.
                   A        B        C        D        E       F      G
               +--------+--------+--------+--------+--------+-----+--------+
         Total |   1803 |   1625 |    178 |    338 |    909 |   3 |  601.0 |
       Dungeon |   1803 |   1625 |    178 |    338 |    909 |   3 |  601.0 |
               +--------+--------+--------+--------+--------+-----+--------+

Top non-repeatable levels by time:
     D:1: 803 daAuts
     D:2: 678 daAuts
     D:3: 321 daAuts
